 Dungeon Crawl Stone Soup version 0.20.1-1-g8b1a95d (webtiles) character file.

165908 nightbobicus the Severer (level 17, -3/161 HPs)
             Began as a Minotaur Fighter on Aug 10, 2017.
             Was a High Priest of Okawaru.
             Slain by an 18-headed hydra (4 damage)
             ... on level 4 of the Swamp.
             The game lasted 01:57:01 (29883 turns).

nightbobicus the Severer (Minotaur Fighter)        Turns: 29883, Time: 01:57:03

Health: -3/161     AC: 29    Str: 27    XL:     17   Next: 3%
Magic:  0/21       EV: 20    Int:  5    God:    Okawaru [*****.]
Gold:   2016       SH: 14    Dex: 13    Spells: 14/16 levels left

rFire    + . .     SeeInvis +   C - +9 war axe of Acioh {venom, rPois rF+ SInv}
rCold    . . .     Gourm    .   c - +0 shield
rNeg     . . .     Faith    .   t - +2 plate armour {MR+}
rPois    +         Spirit   +   (helmet unavailable)
rElec    .         Reflect  .   K - +2 cloak {+Inv}
rCorr    .         Harm     .   E - +0 pair of gloves
MR       +++..     Rnd*Rage +   b - +1 pair of boots
Stlth    ..........             r - amulet of guardian spirit
Regen    0.4/turn               w - +2 ring of evasion
MPRegen  0.2/turn               N - ring of protection from magic

@: heroism, very slightly contaminated, invisible, very slow
A: retaliatory headbutt, horns 3, talons 1, berserk 1, strong 1
}: 1/15 runes: decaying
a: Heroism, Finesse, Renounce Religion


You were on level 4 of the Swamp.
You worshipped Okawaru.
Okawaru was extremely pleased with you.
You were hungry.

You visited 4 branches of the dungeon, and saw 27 of its levels.
You also visited: Labyrinth and Ossuary.

You collected 3181 gold pieces.
You spent 1165 gold pieces at shops.

Inventory:

Hand Weapons
 e - a +0 executioner's axe of electrocution
 C - the +9 war axe of Acioh (weapon) {venom, rPois rF+ SInv}
   (Okawaru gifted it to you on level 3 of the Swamp)

   It poisons the flesh of those it strikes.
   It protects you from fire.
   It protects you from poison.
   It lets you see invisible.
 X - a +3 battleaxe of flaming
Missiles
 D - 6 javelins of penetration (quivered)
Armour
 b - a +1 pair of boots (worn)
 c - a +0 shield (worn)
 p - the +4 chain mail of Baldness {rElec Str+4 Dex+2}
   (Okawaru gifted it to you on level 13 of the Dungeon)

   It affects your strength (+4).
   It affects your dexterity (+2).
   It insulates you from electricity.
 t - a +2 plate armour of magic resistance (worn)
 E - a +0 pair of gloves (worn)
 K - a +2 cloak of invisibility (worn)
 M - the +0 chain mail of the Quahog {rN+++ Stlth+}
   (Okawaru gifted it to you on level 6 of the Lair of Beasts)

   It renders you almost immune to negative energy.
   It makes you more stealthy.
 Q - the scarf of Hedge Wizardry {MR+ Str+5}
   (You found it on level 6 of the Lair of Beasts)

   It affects your strength (+5).
   It affects your resistance to hostile enchantments.
 R - a +2 plate armour of fire resistance
 V - a +1 plate armour of poison resistance
Jewellery
 a - an uncursed ring of poison resistance
 r - an amulet of guardian spirit (around neck)
 w - a +2 ring of evasion (left hand)
 L - an uncursed ring of resist corrosion
 N - a ring of protection from magic (right hand)
Wands
 z - a wand of flame (8/48)
Scrolls
 j - a scroll of silence
 k - a scroll of enchant armour {unknown}
 m - 2 scrolls of enchant weapon
 o - 16 scrolls of remove curse
 y - 6 scrolls of teleportation
 A - 4 scrolls of fear
 F - a scroll of recharging
 H - 2 scrolls of holy word
 P - 3 scrolls of identify
 T - 3 scrolls of magic mapping
Potions
 d - 3 potions of might
 h - 4 potions of haste
 i - a potion of resistance
 q - 2 potions of magic
 u - a potion of berserk rage {unknown}
 v - 9 potions of curing
 x - 3 potions of ambrosia
 B - a potion of heal wounds
 G - 2 potions of brilliance
 J - 3 potions of agility
 O - 3 potions of mutation
 U - 2 potions of cancellation
 Y - 2 potions of flight
Comestibles
 f - 14 bread rations
 l - 13 meat rations
 n - 18 royal jellies
 s - 15 fruits


   Skills:
 + Level 17.0(22.0) Fighting
 - Level 17.8(22.8) Axes
 + Level 8.2(13.2) Throwing
 + Level 14.0(19.0) Armour
 - Level 14.3(19.3) Dodging
 - Level 8.1(13.1) Shields
 - Level 2.6 Translocations
 - Level 5.6 Invocations
 - Level 7.8 Evocations


You had 14 spell levels left.
You knew the following spells:

 Your Spells              Type           Power        Failure   Level  Hunger
a - Blink                 Tloc           N/A          86%         2    ###....


Dungeon Overview and Level Annotations

Branches:
Dungeon (15/15) Temple (0/1) D:7 Lair (6/6) D:10 Swamp (4/4) Lair:4 Spider (0/4) Lair:2 Slime (0/5) Lair:5 Orc (2/2) D:10 Elf (0/3) Orc:2 Vaults (0/5) D:13 D:14 Depths (0/5) D:15

Altars:
Cheibriados
Hepliaklqana
Okawaru
Qazlal
Xom
Zin
Beogh
Jiyva

Shops:
Orc:2 *=[(

Annotations:
D:15 exclusion: Roxanne, Roxanne


Innate Abilities, Weirdness & Mutations

You reflexively headbutt those who attack you in melee.
You have a pair of large horns on your head.
You have sharp toenails.
You tend to lose your temper in combat.
Your muscles are strong. (Str +2)


Message History

The spriggan berserker appears confused.
You enter the shallow water.
Moving in this stuff is going to be slow. ...and don't expect to remain undetected.
The swamp drake breathes noxious fumes at you.
The noxious blast engulfs the 14-headed hydra.
The 14-headed hydra appears unharmed.
You block the 18-headed hydra's attack. The 18-headed hydra closely misses you.
The 18-headed hydra bites you.
* * * LOW HITPOINT WARNING * * *
You block the 18-headed hydra's attack. The 18-headed hydra closely misses you.
The 18-headed hydra bites you!
* * * LOW HITPOINT WARNING * * *
You block the 18-headed hydra's attack. The 18-headed hydra misses you.
The 18-headed hydra closely misses you. The 18-headed hydra misses you.
You block the 18-headed hydra's attack.
The 18-headed hydra bites you but does no damage.
The 18-headed hydra misses you.
The 18-headed hydra bites you but does no damage. x2
The 18-headed hydra bites you.
You die...

## #[..# ##.(.## ♣≈..≈≈.≈≈≈.≈.
.## #.≈.# ♣≈≈≈≈.# ♣.≈...≈≈≈≈...
..####≈≈.# i≈.... ♣≈.≈.≈≈≈≈≈≈.≈
.≈.##≈.♣≈≈# ..≈.≈ ♣♣.≈≈§≈≈≈...≈
.§##≈§≈♣♣..# §§.♣ ♣♣≈≈≈..≈≈≈.♣♣≈
.##≈≈#####.≈###k§# ♣≈≈≈.≈≈≈≈.≈≈..
##≈≈##(..##≈≈##§D♣#♣♣≈≈≈≈≈≈...♣..
#≈≈##≈§≈.≈##≈.#hD.# ♣≈..≈≈≈.♣♣♣♣♣
#..#.≈≈≈≈.≈#≈≈#♣@§#♣♣≈≈....)§≈♣♣♣
#..##..≈..##≈.#./≈#♣≈≈..≈≈≈.≈≈§.♣
#..≈#♣≈..##..≈..≈##♣♣≈≈.≈≈≈≈≈≈≈≈≈
..)≈##...♣#.≈.#### ♣♣≈≈..≈≈≈≈≈≈≈≈
##≈.........≈## ♣≈≈....≈.§≈≈.≈
#♣≈..≈≈≈≈..♣# ♣♣≈......≈≈.♣≈
########### ♣♣≈.≈.≈.....≈♣≈
♣.≈≈...≈≈≈≈≈≈.. ♣.≈≈.≈.≈≈.≈≈...


You could see a 18-headed hydra, a 14-headed hydra, a spriggan berserker
(berserk), a polar bear (berserk) and a swamp drake.

Vanquished Creatures
  Frances (Swamp:1)
  3 thorn hunters
  The ghost of ThePrince the Severer, a journeyman DDFi of Makhleb (Lair:4)
  An orc warlord (Orc:2)
  A very ugly thing (Swamp:4)
  Nessos (D:14)
  Snorg (Lair:3)
  A minotaur (Lab)
  2 fire dragons (D:15)
  3 ogre magi
  Erolcha (Orc:2)
  23 hydras
  Harold (Lair:3)
  3 catoblepae
  7 two-headed ogres
  3 ghost crabs
  4 centaur warriors
  6 alligators
  An orc high priest (Orc:2)
  2 tengu warriors (D:13)
  A deep troll shaman (Lair:6)
  Urug (Orc:2)
  A spriggan berserker (Swamp:4)
  9 death yaks
  Nergalle (Lair:3)
  4 unseen horrors
  A lindwurm (Lair:6)
  A spriggan druid (Swamp:3)
  14 swamp dragons
  A shambling mangrove (Swamp:1)
  16 wizards (D:13)
  A deep elf archer (D:15)
  7 orc knights
  6 deep elf magi
  8 ugly things
  3 orc sorcerers
  A manticore (D:12)
  6 cyclopes
  12 elephants
  2 black mambas
  Maurice (D:12)
  2 gargoyles
  19 spiny frogs
  A torpor snail (Lair:6)
  10 centaur skeletons
  A kobold demonologist (D:14)
  A rime drake (Lair:1)
  5 komodo dragons
  A freezing wraith (D:15)
  An efreet (D:15)
  A yaktaur (shapeshifter) (D:15)
  6 trolls
  2 tengu conjurers (D:15)
  A polar bear (Lair:6)
  13 hippogriffs
  10 bog bodies
  7 hornets
  12 blink frogs
  Grinder (D:4)
  5 tyrant leeches
  18 slime creatures
  Sigmund (D:6)
  A shadow (D:15)
  A centaur simulacrum (D:15)
  5 spriggans
  52 yaks
  4 wyverns
  5 water elementals
  A wraith (D:15)
  Eustachio (D:6)
  13 humans
  A basilisk (shapeshifter) (D:15)
  2 basilisks
  A steam dragon (D:11)
  15 vampire mosquitoes
  5 hungry ghosts
  A warg (shapeshifter) (D:13)
  An acid dragon (D:15)
  9 insubstantial wisps
  14 swamp worms
  3 wargs
  10 water moccasins
  9 swamp drakes
  6 porcupines
  2 soldier ants
  3 black bears
  4 ice beasts
  25 orc warriors
  3 phantoms
  2 sky beasts
  An eye of draining (D:14)
  7 wolves (Lair:6)
  A necrophage (D:6)
  A tengu (shapeshifter) (D:15)
  16 ogres
  5 centaurs
  14 crocodiles
  4 big kobolds
  14 bullfrogs
  2 gnoll sergeants
  A water moccasin zombie (D:9)
  Blork the orc (D:6)
  4 scorpions
  A wyvern skeleton (D:9)
  10 killer bees
  13 wights
  2 howler monkeys
  2 electric eels (D:12)
  12 crimson imps
  2 bullfrog zombies
  2 centaur zombies
  19 orc priests
  4 hounds
  6 jellies
  2 bullfrog skeletons
  An iron imp (Orc:2)
  Terence (D:2)
  4 iguanas
  28 orc wizards
  13 worker ants
  8 big kobold zombies (Ossuary)
  A hound zombie (D:8)
  5 hound skeletons
  A mummy (Ossuary)
  Robin (D:4)
  15 adders
  12 gnolls
  6 shadow imps
  A white imp (Orc:2)
  6 oozes
  An adder skeleton (D:9)
  2 dart slugs
  6 worms
  6 leopard geckos
  71 orcs
  A spectral bat (Ossuary)
  2 ball pythons (D:2)
  8 giant cockroaches
  4 gnoll zombies (Ossuary)
  13 goblins
  9 hobgoblins
  16 jackals
  6 quokkas
  8 bats
  2 bat simulacra (Ossuary)
  8 frilled lizards
  2 goblin simulacra (Ossuary)
  4 goblin zombies (Ossuary)
  3 hobgoblin zombies (Ossuary)
  A jackal zombie (D:5)
  20 kobolds
  4 kobold simulacra (Ossuary)
  6 kobold zombies (Ossuary)
  5 orc zombies (Ossuary)
  22 rats
  A rat simulacrum (Ossuary)
  2 spectral kobolds (Ossuary)
  4 spectral rats (Ossuary)
  12 briar patches
  7 fungi
  8 plants
993 creatures vanquished.

Vanquished Creatures (others)
  A hydra (Swamp:1)
  An unseen horror (D:14)
  A tyrant leech (Swamp:2)
  3 humans (D:14)
  4 orcs
  A briar patch (Swamp:1)
  3 fungi (Lair:6)
  4 plants
18 creatures vanquished.

Grand Total: 1011 creatures vanquished

Notes
Turn   | Place    | Note
-------+----------+-------------------------------------------
     0 | D:1      | nightbobicus the Minotaur Fighter began the quest for the Orb.
     0 | D:1      | Reached XP level 1. HP: 19/19 MP: 0/0
    98 | D:1      | Reached XP level 2. HP: 19/27 MP: 1/1
   494 | D:2      | Reached XP level 3. HP: 33/33 MP: 2/2
   744 | D:2      | Reached XP level 4. HP: 32/40 MP: 3/3
   867 | D:2      | Noticed Terence
   875 | D:2      | Killed Terence
  1465 | D:3      | Reached XP level 5. HP: 47/47 MP: 4/4
  1644 | D:3      | Reached skill level 5 in Axes
  2314 | D:4      | Reached skill level 5 in Armour
  2464 | D:4      | Noticed Grinder
  2470 | D:4      | Killed Grinder
  2470 | D:4      | Reached skill level 5 in Fighting
  2470 | D:4      | Reached skill level 1 in Throwing
  2470 | D:4      | Reached XP level 6. HP: 49/56 MP: 5/5
  2670 | D:4      | Noticed Robin
  2682 | D:4      | Killed Robin
  2810 | D:5      | Entered Level 5 of the Dungeon
  2837 | D:5      | Noticed an ice beast
  2846 | D:5      | Killed an ice beast
  2846 | D:5      | Reached XP level 7. HP: 61/61 MP: 6/6
  3030 | D:5      | Found a sand-covered staircase.
  3041 | Ossuary  | Entered an ossuary
  3704 | D:5      | Reached XP level 8. HP: 42/71 MP: 7/7
  4255 | D:6      | Noticed Blork the orc
  4266 | D:6      | Killed Blork the orc
  4307 | D:6      | Gained mutation: You tend to lose your temper in combat. [potion of mutation]
  4307 | D:6      | Gained mutation: Your muscles are strong. (Str +2) [potion of mutation]
  4307 | D:6      | Gained mutation: You have a pair of large horns on your head. [potion of mutation]
  4307 | D:6      | Gained mutation: You have sharp toenails. [potion of mutation]
  4409 | D:6      | Found a glowing silver altar of Zin.
  4412 | D:6      | Found a snail-covered altar of Cheibriados.
  4412 | D:6      | Found an iron altar of Okawaru.
  4415 | D:6      | Noticed Eustachio
  4418 | D:6      | Noticed Sigmund
  4429 | D:6      | Reached skill level 5 in Shields
  4441 | D:6      | Killed Sigmund
  4458 | D:6      | Killed Eustachio
  4458 | D:6      | Reached XP level 9. HP: 49/82 MP: 8/8
  4483 | D:6      | Became a worshipper of Warmaster Okawaru
  4603 | D:6      | Found a hazy altar of Hepliaklqana.
  5025 | D:7      | Found a staircase to the Ecumenical Temple.
  5367 | D:7      | Reached * piety under Okawaru
  5652 | D:7      | You fall through a shaft for 2 floors!
  5691 | D:9      | Reached skill level 10 in Fighting
  5976 | D:9      | Reached ** piety under Okawaru
  5976 | D:9      | Reached skill level 10 in Axes
  6225 | D:9      | Reached XP level 10. HP: 94/95 MP: 9/9
  6271 | D:8      | Found a stormy altar of Qazlal.
  7394 | D:10     | Entered Level 10 of the Dungeon
  7818 | D:10     | Reached skill level 1 in Invocations
  7854 | D:10     | Killed an unseen horror
  7891 | D:10     | Noticed a gargoyle
  7912 | D:10     | Killed a gargoyle
  7912 | D:10     | Reached *** piety under Okawaru
  8093 | D:10     | Noticed a two-headed ogre
  8102 | D:10     | Killed a two-headed ogre
  8312 | D:10     | Reached **** piety under Okawaru
  8384 | D:10     | Found a staircase to the Lair.
  8415 | D:10     | Received a gift from Okawaru
  8556 | D:10     | Killed an unseen horror
  8695 | D:10     | Reached XP level 11. HP: 94/105 MP: 13/13
  8754 | D:10     | Found a staircase to the Orcish Mines.
  8870 | D:10     | Noticed a two-headed ogre
  8878 | D:10     | Killed a two-headed ogre
  8911 | Lair:1   | Entered Level 1 of the Lair of Beasts
  9073 | D:11     | Reached skill level 5 in Invocations
  9142 | D:11     | Found a labyrinth entrance.
  9190 | Lab      | Entered a labyrinth
  9664 | Lab      | Noticed a minotaur
  9674 | Lab      | Killed a minotaur
  9674 | Lab      | Reached ***** piety under Okawaru
 10133 | D:11     | Noticed a brown ugly thing
 10496 | D:11     | Killed a brown ugly thing
 12069 | Lair:1   | Reached skill level 1 in Dodging
 12108 | Lair:1   | Received a gift from Okawaru
 12178 | Lair:1   | Noticed a five-headed hydra
 12185 | Lair:1   | Killed an eight-headed hydra
 12185 | Lair:1   | Reached skill level 5 in Dodging
 12668 | Lair:1   | Reached XP level 12. HP: 58/115 MP: 8/15
 12982 | Lair:2   | Found a hole to the Spider Nest.
 12983 | Lair:2   | Received a gift from Okawaru
 13820 | Lair:3   | Noticed Nergalle
 13831 | Lair:3   | Killed Nergalle
 13890 | Lair:3   | Noticed Harold
 13893 | Lair:3   | Noticed Snorg
 13901 | Lair:3   | Killed Snorg
 13901 | Lair:3   | Received a gift from Okawaru
 13901 | Lair:3   | Reached skill level 10 in Dodging
 13902 | Lair:3   | Killed Harold
 14351 | Lair:3   | Found a frozen archway.
 14763 | Lair:4   | Received a gift from Okawaru
 14775 | Lair:4   | Noticed ThePrince's ghost (journeyman DDFi)
 14787 | Lair:4   | Killed ThePrince's ghost
 15040 | Lair:4   | Found a staircase to the Swamp.
 15043 | Lair:4   | Noticed a four-headed hydra
 15058 | Lair:4   | Killed a ten-headed hydra
 15196 | Lair:5   | Noticed a death yak
 15198 | Lair:5   | Noticed a death yak
 15201 | Lair:5   | Noticed a death yak
 15201 | Lair:5   | Killed a death yak
 15213 | Lair:5   | Killed a death yak
 15213 | Lair:5   | Killed a death yak
 15213 | Lair:5   | Reached XP level 13. HP: 59/122 MP: 4/16
 15517 | Lair:5   | Reached ****** piety under Okawaru
 15590 | Lair:5   | Received a gift from Okawaru
 15861 | Lair:5   | Found a viscous altar of Jiyva.
 15861 | Lair:5   | Found a staircase to the Slime Pits.
 16147 | Lair:6   | Entered Level 6 of the Lair of Beasts
 16277 | Lair:6   | Received a gift from Okawaru
 16688 | Lair:6   | Received a gift from Okawaru
 16691 | Lair:6   | Got a slimy chain mail {god gift}
 16702 | Lair:6   | Identified the +0 chain mail of the Quahog {rN+++ Stlth+} (Okawaru gifted it to you on level 6 of the Lair of Beasts)
 16804 | Lair:6   | Reached skill level 15 in Axes
 16872 | Lair:6   | Reached XP level 14. HP: 73/129 MP: 10/17
 17153 | Lair:6   | Got a spiked scarf
 17155 | Lair:6   | Identified the cursed scarf of Hedge Wizardry {MR+ Str+5} (You found it on level 6 of the Lair of Beasts)
 18079 | Orc:1    | Entered Level 1 of the Orcish Mines
 18609 | Orc:2    | Entered Level 2 of the Orcish Mines
 18718 | Orc:2    | Noticed Erolcha
 18726 | Orc:2    | Killed Erolcha
 18748 | Orc:2    | Noticed Urug
 18763 | Orc:2    | Killed Urug
 18768 | Orc:2    | Noticed an orc warlord
 18770 | Orc:2    | Found a roughly hewn altar of Beogh.
 18785 | Orc:2    | Killed an orc warlord
 19446 | Orc:2    | Found Bof Laxtal's Antique Armour Shop.
 19501 | Orc:2    | Received a gift from Okawaru
 19616 | Orc:2    | Found Amyos's General Store.
 19631 | Orc:2    | Found Doivayf's Jewellery Shop.
 19664 | Orc:2    | Found Viphun's Antique Weapon Shop.
 19861 | Orc:2    | Found a staircase to the Elven Halls.
 19949 | Orc:2    | Learned a level 2 spell: Blink
 20134 | Orc:2    | Bought a +3 battleaxe of flaming for 287 gold pieces
 20161 | Orc:2    | Bought a glowing plate armour for 858 gold pieces
 20223 | Orc:2    | Bought a scroll of identify for 20 gold pieces
 20313 | D:11     | Reached skill level 1 in Translocations
 20344 | D:12     | Received a gift from Okawaru
 20652 | D:12     | Noticed Maurice
 20661 | D:12     | Killed Maurice
 21190 | D:13     | Received a gift from Okawaru
 21198 | D:13     | Got a spiked chain mail {god gift}
 21211 | D:13     | Identified the +4 chain mail of Baldness {rElec Str+4 Dex+2} (Okawaru gifted it to you on level 13 of the Dungeon)
 21309 | D:13     | Paralysed by a wizard for 7 turns
 21319 | D:13     | Reached skill level 10 in Armour
 21353 | D:13     | Reached XP level 15. HP: 82/139 MP: 11/18
 21989 | D:13     | Reached skill level 1 in Evocations
 22115 | D:13     | Paralysed by a wizard for 6 turns
 22497 | D:14     | Found a gate to the Vaults.
 22497 | D:14     | Noticed Nessos
 22530 | D:14     | Received a gift from Okawaru
 22588 | D:14     | Killed Nessos
 22588 | D:14     | Reached skill level 5 in Evocations
 23483 | D:14     | Found a shimmering altar of Xom.
 23600 | D:15     | Entered Level 15 of the Dungeon
 23635 | D:15     | Noticed Roxanne
 23759 | D:15     | Found a staircase to the Depths.
 23898 | D:15     | Identified a scroll of acquirement
 24238 | D:15     | Reached skill level 15 in Fighting
 24370 | D:15     | Received a gift from Okawaru
 24526 | D:15     | Received a gift from Okawaru
 24851 | D:15     | Reached XP level 16. HP: 149/149 MP: 20/20
 25326 | Swamp:1  | Entered Level 1 of the Swamp
 25411 | Swamp:1  | Got a faintly glowing war axe
 25412 | Swamp:1  | Identified the +4 war axe of Honour {distort, SInv} (You found it on level 1 of the Swamp)
 25475 | Swamp:1  | Noticed a thorn hunter
 25673 | Swamp:1  | Noticed Frances
 26200 | Swamp:1  | Received a gift from Okawaru
 26411 | Swamp:1  | Killed a thorn hunter
 26467 | Swamp:1  | Reached skill level 5 in Throwing
 26488 | Swamp:1  | Killed Frances
 27652 | Swamp:3  | Received a gift from Okawaru
 27657 | Swamp:3  | Got a transparent war axe {god gift}
 27658 | Swamp:3  | Identified the +9 war axe of Acioh {venom, rPois rF+ SInv} (Okawaru gifted it to you on level 3 of the Swamp)
 28236 | Swamp:4  | Entered Level 4 of the Swamp
 28698 | Swamp:4  | Noticed a thorn hunter
 28710 | Swamp:4  | Killed a thorn hunter
 28710 | Swamp:4  | Received a gift from Okawaru
 29231 | Swamp:4  | Noticed a thorn hunter
 29262 | Swamp:4  | Killed a thorn hunter
 29630 | Swamp:4  | Reached XP level 17. HP: 161/161 MP: 11/21
 29833 | Swamp:4  | Got a decaying rune of Zot
 29883 | Swamp:4  | HP: 1/161 [18-headed hydra (8)]
 29883 | Swamp:4  | Slain by an 18-headed hydra

Skill      XL: |  1  2  3  4  5  6  7  8  9 10 11 12 13 14 15 16 17 |
---------------+----------------------------------------------------+-----
Axes           | 3 4 6 7 8 10 11 15 17 | 17.8
Fighting       | 4 5 6 8 11 12 13 14 15 17 | 17.0
Armour         | 4 5 6 7 8 10 11 13 14 | 14.0
Throwing       | 1 2 3 8 |  8.2
Shields        | 4 5 7 8 |  8.1
Invocations    | 4 5 |  5.6
Dodging        | 6 12 14 | 14.3
Translocations | 2 |  2.6
Evocations     | 7 |  7.8

Action                   |  1- 3 |  4- 6 |  7- 9 | 10-12 | 13-15 | 16-18 || total
-------------------------+-------+-------+-------+-------+-------+-------++-------
Melee: War axe           |    91 |   174 |   343 |   361 |       |   255 ||  1224
       Headbutt          |    14 |    33 |    83 |   132 |   206 |   100 ||   568
       Broad axe         |       |       |       |   167 |   865 |   188 ||  1220
Throw: Javelin           |       |       |       |       |     6 |       ||     6
       Throwing net      |       |       |       |       |     2 |       ||     2
Invok: Heroism           |       |       |       |     6 |    10 |     9 ||    25
       Finesse           |       |       |       |     3 |     2 |     3 ||     8
 Abil: Evoke Invisibilit |       |       |       |     1 |     4 |     3 ||     8
Evoke: Wand              |       |       |       |     2 |       |     4 ||     6
       Fan of gales      |       |       |       |     1 |       |       ||     1
  Use: Scroll            |       |       |    21 |    11 |    13 |     7 ||    52
       Potion            |       |       |     6 |     1 |     2 |     6 ||    15
 Stab: Invisible         |       |       |       |     1 |    18 |    14 ||    33
       Petrified         |       |       |       |       |     7 |       ||     7
       Petrifying        |       |       |       |       |     2 |       ||     2
  Eat: Chunk             |       |     6 |    12 |    18 |    27 |     5 ||    68
       Meat ration       |       |       |       |     1 |       |     1 ||     2
       Fruit             |       |       |       |     3 |     3 |       ||     6
       Royal jelly       |       |       |       |     3 |     1 |       ||     4
       Bread ration      |       |       |       |       |     3 |       ||     3
Armor: Scale mail        |    79 |    80 |    58 |       |       |       ||   217
       Plate armour      |       |       |    86 |   255 |   144 |   437 ||   922
       Ring mail         |       |       |       |    40 |       |       ||    40
       Chain mail        |       |       |       |       |   169 |       ||   169
       Skin              |       |       |       |       |     2 |       ||     2
Dodge: Dodged            |    38 |    57 |    65 |   184 |   484 |   666 ||  1494
Block: Shield            |    65 |    94 |   173 |   348 |   525 |   447 ||  1652
